 Dungeon Crawl Stone Soup version 0.29.1-13-g9f3cf754e1 (webtiles) character file.

Game seed: 2006247818813248041

25927 shadowmeld the Thaumaturge (level 13, 0/94 HPs)
             Began as a Djinni Hedge Wizard on Feb 7, 2023.
             Was a Believer of Ashenzari.
             Slain by a spriggan rider
             ... wielding a +0 spear
              (11 damage)
             ... on level 2 of the Lair of Beasts.
             The game lasted 01:50:03 (16170 turns).

shadowmeld the Thaumaturge (Djinni Hedge Wizard)   Turns: 16170, Time: 01:50:03

Health: 0/94       AC: 17    Str:  9    XL:     13   Next: 54%
Gold:   155        EV: 16    Int: 21    God:    Ashenzari [**....] SH: 11 Dex: 16

rFire   + + .      SeeInvis +   a - +0 dagger of the Bound Seeker {Cun, Range} (curse)
rCold   + + +      Faith    .   o - +1 buckler {AC+3}
rNeg    . . .      Spirit   .   s - +0 troll leather armour
rPois   ∞          Reflect  +   y - +0 helmet "Woptiq Rynu" {rC+++}
rElec   .          Harm     .   m - +0 cloak "Share My Omen" {Self, Evo} (curse)
rCorr   .          Rampage  .   (no gloves)
Will    +....                   (boots unavailable)
Stlth   ++........              r - amulet of the Shackled Visionary {Reflect SH+5, Self, Range} (curse)
HPRegen 1.05/turn               w - +4 ring of protection
MPRegen 0.00/turn               J - ring "Bytian" {rC+ AC+4 Dex+3}

@: flying
A: sickness immunity, fire resistance 2, cold vulnerability 1, float, innate
caster, HP casting, extra vitality 1
a: Renounce Religion, Shatter the Chains


You were on level 2 of the Lair of Beasts.
You worshipped Ashenzari.
Ashenzari was pleased with you.
You visited 3 branches of the dungeon, and saw 15 of its levels.
You also visited: Gauntlet.

You collected 883 gold pieces.
You spent 728 gold pieces at shops.

Inventory:

Hand Weapons
 a - the cursed +0 dagger of the Bound Seeker (weapon) {Cun, Range}

   It has a curse which improves the following skills: Cunning: Dodging and
   Stealth.
   Ranged Combat: Ranged Weapons and Throwing.
Missiles
 v - a throwing net
 B - 19 poisoned darts
 D - 5 atropa-tipped darts
Armour
 c - +1 swamp dragon scales
 m - the cursed +0 cloak "Share My Omen" (worn) {Self, Evo}
   (You found it on level 2 of the Dungeon)

   It has a curse which improves the following skills: Introspection: Fighting
   and Spellcasting.
   Evocations: Evocations.
 o - a +1 buckler of protection (worn)
 s - a +0 troll leather armour (worn)
 y - the +0 helmet "Woptiq Rynu" (worn) {rC+++}
   (You found it on level 7 of the Dungeon)

   rC:        It renders you almost immune to cold.
 G - a +0 kite shield
Jewellery
 r - the cursed amulet of the Shackled Visionary (around neck) {Reflect SH+5, Self, Range}
   (You found it on level 4 of the Dungeon)

   [amulet of reflection]

   It reflects blocked missile attacks.
   SH:        It affects your SH (+5).
   It has a curse which improves the following skills: Introspection: Fighting
   and Spellcasting.
   Ranged Combat: Ranged Weapons and Throwing.
 w - a +4 ring of protection (left hand)
 J - the ring "Bytian" (right hand) {rC+ AC+4 Dex+3}
   (You found it on level 8 of the Dungeon)

   [ring of protection]

   AC:        It affects your AC (+4).
   Dex:       It affects your dexterity (+3).
   rC:        It protects you from cold.
Wands
 q - a wand of quicksilver (12)
 u - a wand of mindburst (4)
 z - a wand of charming (24)
 A - a wand of iceblast (9)
 C - a wand of polymorph (1)
Scrolls
 b - a scroll of enchant weapon
 k - 7 scrolls of blinking
 l - a scroll of silence
 n - 5 scrolls of teleportation
 p - 2 scrolls of poison
 E - 2 scrolls of fog
 F - 3 scrolls of summoning
 I - a scroll of enchant armour
Potions
 d - 3 potions of brilliance
 e - 4 potions of lignification
 f - 2 potions of resistance
 h - a potion of ambrosia
 i - a potion of berserk rage
 j - 2 potions of cancellation
 H - 2 potions of might
 K - a potion of haste
Miscellaneous
 g - a phial of floods


   Skills:
 * Level 7.5(9.4) Fighting
 + Level 3.0 Armour
 * Level 8.0(9.3) Dodging
 - Level 1.5(2.4) Stealth
 + Level 2.6 Shields
 * Level 14.8(16.6) Spellcasting


You had 15 spell levels left.
You knew the following spells:

 Your Spells              Type           Power      Damage    Failure   Level
a - Magic Dart            Conj           100%       1d8       0%          1
b - Blink                 Tloc           100%       N/A       0%          2
c - Call Imp              Summ           72%        N/A       0%          2
d - Slow                  Hex            100%       N/A       0%          1
e - Conjure Flame         Conj/Fire      72%        6-21      1%          3
f - Mephitic Cloud        Conj/Pois/Air  72%        N/A       1%          3
g - Shock                 Conj/Air       100%       1d9       0%          1
h - Poisonous Vapours     Pois/Air       100%       N/A       0%          2
i - Scorch                Fire           100%       2d10      0%          2
j - Inner Flame           Hex/Fire       72%        N/A       1%          3
k - Lee's Rapid Deconstr  Erth           36%        3d19*     1%          5
l - Iskenderun's Battles  Conj           72%        2d12      1%          5
Your spell library was empty.

Dungeon Overview and Level Annotations

Branches:
Dungeon (12/15)            Temple (1/1) D:7            Lair (2/5) D:11
    Orc (0/2) D:11        Gauntlet (visited)
  Swamp: Lair:2-3    Shoals: Lair:2-3     Snake: Lair:2-3    Spider: Lair:2-3

Altars:
Ashenzari
Cheibriados
Dithmenos
Elyvilon
Fedhas
Gozag
Hepliaklqana
Makhleb
Nemelex Xobeh
Okawaru
Qazlal
Ru
Trog
Uskayaw
Wu Jian
Xom
Yredelemnul
Zin
The Shining One

Shops:
D:11 [***

Annotations:
D:8 exclusion: orange crystal statue
D:9 3 runed translucent doors, croobank's ghost, novice OpSu
D:10 exclusion: obsidian statue
D:12 4 runed translucent doors, zlionsfan's ghost, journeyman NaDe


Innate Abilities, Weirdness & Mutations

You are immune to sickness and miasma.
You are immune to poison.
Your flesh is very heat resistant. (rF++)
You are vulnerable to cold. (rC-)
You float through the air rather than walking.
You learn spells naturally, not from books.
Your magical power is your life essence.
You have superior vitality. (+4 MHP)


Message History

You block the wolf's attack. The wolf completely misses you.
The wolf bites you but does no damage.
A spriggan rider comes into view. It is wielding a +0 spear.
You hear a howl! x2
Casting: Scorch (safe; 0% risk of failure)
Confirm with . or Enter, or press ? or * to list all spells.
Aiming: Lee's Rapid Deconstruction (mildly dangerous; 1% risk of failure)
Press: ? - help, Dir - move target A rock wall.
That beam is likely to hit you.
Continue anyway?
The wall shatters!
The blast of rock fragments hits the wolf!
Flame seeps out of the wolf.
The wolf is almost dead.
The blast of rock fragments hits the wolf!!
You kill the wolf!
The blast of rock fragments hits the wolf!!
You kill the wolf!
The blast of rock fragments hits you!
* * * LOW HITPOINT WARNING * * *
x2 You hear a howl!
The wolf bites you.
* * * LOW HITPOINT WARNING * * *
A wolf comes into view.
The wolf is engulfed in blazing flames.
The wolf explodes!
The fiery explosion engulfs the wolf!!
You kill the wolf!
The fiery explosion engulfs you! You resist.
* * * LOW HITPOINT WARNING * * *
The fiery explosion engulfs the wolf!!!
You kill the wolf!
The fiery explosion engulfs the wolf!!
You kill the wolf!
The spriggan rider hits you but does no damage.
You feel better.
You are engulfed in blazing flames.
You resist.
* * * LOW HITPOINT WARNING * * *
A wolf comes into view.
The spriggan rider hits you from afar with a +0 spear!
You die...

#..............~≈≈~~~
#...####..###..~≈~...
#...# #####..~~≈~.<~
##..# #..~≈≈~..~
#...## ##.~~~~~~~
##...# #..~~~≈≈~
#..## #.#~~~~~~ #§†##
#..#...~. #§○@#
*...##.#P~ ##§§## #.
..... #.hi# ,, ##.h#
, #†h.# * #...†.h ,*
#.......$ #.......h,
,, , ........h , ,,


You could see a spriggan rider and 3 wolves.

Vanquished Creatures
  A quicksilver ooze (Gauntlet)
  A minotaur (Gauntlet)
  Fannar (Lair:1)
  2 boulder beetles (D:12)
  A hydra (Lair:1)
  A two-headed ogre (D:7)
  An ugly thing (D:12)
  A cyclops (D:12)
  2 manticores (D:12)
  A moth of wrath (Gauntlet)
  A black mamba (Lair:1)
  2 cane toads
  Maggie (D:8)
  3 gargoyles
  An unseen horror (D:11)
  2 rime drakes (Gauntlet)
  2 komodo dragons
  3 trolls
  3 hornets
  Grinder (D:3)
  2 slime creatures (D:12)
  7 blink frogs (Lair:1)
  13 flying skulls (Gauntlet)
  A centaur simulacrum (D:12)
  A ynoxinul (Gauntlet)
  Sigmund (D:5)
  4 wyverns
  4 basilisks
  2 wraiths (D:10)
  2 shadows
  A vampire (D:12)
  13 yaks
  2 steam dragons
  2 redbacks (Gauntlet)
  5 vampire mosquitoes (D:12)
  Menkaure (D:5)
  An acid dragon (D:10)
  5 water moccasins
  4 orc warriors
  2 ogres
  23 wolves
  3 centaurs
  A kobold brigand (D:10)
  5 bullfrogs
  A scorpion (D:4)
  3 wights (D:9)
  10 killer bees
  3 howler monkeys (D:11)
  2 electric eels (D:8)
  3 hounds
  5 orc priests
  2 jellies
  6 iguanas
  3 iron imps (Gauntlet)
  16 orc wizards
  Robin (D:4)
  4 adders
  2 shadow imps
  2 white imps
  2 ufetubi
  A worm (D:2)
  A dart slug (D:5)
  41 orcs
  3 endoplasms
  11 hobgoblins
  8 kobolds
  3 quokkas
  10 ball pythons
  6 bats
  3 frilled lizards
  10 goblins
  4 rats
302 creatures vanquished.

Vanquished Creatures (others)
  An angel (D:4)
  An orc (D:4)
  9 fungi
  24 plants
35 creatures vanquished.

Grand Total: 337 creatures vanquished

Notes
Turn   | Place    | Note
-------+----------+-------------------------------------------
     0 | D:1      | shadowmeld the Djinni Hedge Wizard began the quest for the
                  | Orb.
     0 | D:1      | shadowmeld set off with the following spells memorised:
                  | Magic Dart, Blink, Call Imp, Slow, Conjure Flame, Mephitic
                  | Cloud.
     0 | D:1      | Reached XP level 1. HP: 15/15 MP: 0/0
   400 | D:1      | Reached XP level 2. HP: 19/21 MP: 0/0
   844 | D:1      | Reached skill level 3 in Spellcasting
   844 | D:1      | Reached XP level 3. HP: 22/26 MP: 0/0
   844 | D:1      | Learned a level 1 spell: Shock
  1585 | D:2      | Noticed an ogre
  1614 | D:2      | Killed an ogre
  1615 | D:2      | Reached skill level 1 in Fighting
  1615 | D:2      | Reached skill level 4 in Spellcasting
  1615 | D:2      | Reached XP level 4. HP: 11/32 MP: 0/0
  1615 | D:2      | Reached XP level 5. HP: 13/37 MP: 0/0
  1615 | D:2      | Learned a level 2 spell: Poisonous Vapours
  2281 | D:3      | Noticed Grinder
  2313 | D:3      | Paralysed by Grinder for 5 turns
  2318 | D:3      | Killed Grinder
  2319 | D:3      | Reached XP level 6. HP: 3/43 MP: 0/0
  2323 | D:3      | Reached skill level 5 in Spellcasting
  2839 | D:4      | Noticed Robin
  2843 | D:4      | Killed Robin
  2959 | D:4      | Reached XP level 7. HP: 47/48 MP: 0/0
  2959 | D:4      | Learned a level 2 spell: Scorch
  3214 | D:4      | Found a shimmering altar of Xom.
  3220 | D:4      | Noticed an angel
  3224 | D:4      | Found a glowing silver altar of Zin.
  3282 | D:4      | Killed an angel
  3471 | D:4      | Found a faded altar of an unknown god.
  3471 | D:4      | Found a faded altar of an unknown god.
  3478 | D:4      | Found a snail-covered altar of Cheibriados.
  3480 | D:4      | Found a shadowy altar of Dithmenos.
  3482 | D:4      | Found a hide-covered altar of Uskayaw.
  3578 | D:5      | Entered Level 5 of the Dungeon
  3703 | D:5      | Noticed Menkaure
  3709 | D:5      | Killed Menkaure
  3710 | D:5      | Reached skill level 6 in Spellcasting
  3710 | D:5      | Reached XP level 8. HP: 13/55 MP: 0/0
  4223 | D:5      | Noticed Sigmund
  4228 | D:5      | Killed Sigmund
  4682 | D:5      | Reached skill level 7 in Spellcasting
  5016 | D:6      | You are sucked into a shaft and drop 1 floor!
  5041 | D:7      | Identified the +0 helmet "Woptiq Rynu" {rC+++}
  5091 | D:7      | Reached XP level 9. HP: 57/61 MP: 0/0
  5091 | D:7      | Learned a level 3 spell: Inner Flame
  5245 | D:7      | Reached skill level 8 in Spellcasting
  5741 | D:7      | Found a staircase to the Ecumenical Temple.
  5751 | Temple   | Entered the Ecumenical Temple
  5819 | Temple   | Became a worshipper of Ashenzari the Shackled
  6034 | D:7      | Noticed a two-headed ogre
  6045 | D:7      | Killed a two-headed ogre
  6046 | D:7      | Reached skill level 9 in Spellcasting
  6708 | D:8      | Reached XP level 10. HP: 57/69 MP: 0/0
  6780 | D:8      | Noticed Maggie
  6797 | D:8      | Killed Maggie
  7029 | D:8      | Reached skill level 5 in Dodging
  7393 | D:8      | Noticed an orange crystal statue
  8307 | D:8      | Identified the +1 chain mail of Ninkasal {Will+}
  8309 | D:8      | Identified the ring "Bytian" {rC+ AC+4 Dex+3}
  8509 | D:8      | Noticed a gargoyle
  8809 | D:8      | Found an ornate altar of the Wu Jian Council.
  8822 | D:8      | Reached skill level 10 in Spellcasting
  8984 | D:8      | Killed a gargoyle
  9119 | D:9      | Reached skill level 5 in Fighting
  9119 | D:9      | Reached skill level 1 in Armour
  9121 | D:9      | Reached * piety under Ashenzari
  9307 | D:9      | Reached skill level 1 in Shields
  9558 | D:9      | Found a runed translucent gate.
  9558 | D:9      | Found a runed translucent gate.
  9558 | D:9      | Noticed a freezing wraith
  9559 | D:9      | Found a runed translucent gate.
  9560 | D:9      | Noticed a freezing wraith
  9561 | D:9      | Noticed croobank's ghost (novice OpSu)
  9740 | D:10     | Entered Level 10 of the Dungeon
  9838 | D:10     | Noticed a komodo dragon
  9842 | D:10     | Killed a komodo dragon
  9843 | D:10     | Reached XP level 11. HP: 43/76 MP: 0/0
  9843 | D:10     | Learned a level 5 spell: Lee's Rapid Deconstruction
 10183 | D:10     | Reached skill level 11 in Spellcasting
 10278 | D:10     | Noticed an obsidian statue
 10282 | D:10     | Noticed a soul eater
 10355 | D:10     | Identified the cursed +0 cloak "Share My Omen" {Self, Evo}
                  | (You found it on level 2 of the Dungeon)
 10860 | D:10     | Noticed a sun demon
 11256 | D:10     | Reached ** piety under Ashenzari
 11879 | D:11     | Found Patz's General Store.
 12043 | D:11     | Found a staircase to the Orcish Mines.
 12240 | D:11     | Found Qyamucam's General Store.
 12242 | D:11     | Found Zippih's General Store.
 12250 | D:11     | Bought a scroll of acquirement for 728 gold pieces
 12250 | D:11     | Acquired a +1 buckler of protection
 12843 | D:11     | Found a staircase to the Lair.
 12865 | D:11     | Reached *** piety under Ashenzari
 12967 | D:11     | Found Plog's Antique Armour Boutique.
 13122 | D:12     | Noticed a boulder beetle
 13139 | D:12     | Killed a boulder beetle
 13140 | D:12     | Reached skill level 12 in Spellcasting
 13396 | D:12     | Noticed a purple ugly thing
 13404 | D:12     | Killed a purple ugly thing
 13550 | D:12     | Noticed a manticore
 13557 | D:12     | Killed a manticore
 13753 | D:12     | Reached XP level 12. HP: 70/89 MP: 0/0
 14030 | D:12     | Found a runed translucent gate.
 14030 | D:12     | Found a runed translucent gate.
 14031 | D:12     | Found a runed translucent gate.
 14031 | D:12     | Noticed a nine-headed hydra
 14031 | D:12     | Noticed a 12-headed hydra
 14031 | D:12     | Noticed zlionsfan's ghost (journeyman NaDe)
 14042 | D:12     | Identified the +9 war axe "Kupiraw" {freeze, Str+3}
 14262 | D:12     | Found a runed translucent door.
 14263 | D:12     | Found a runed translucent door.
 14263 | D:12     | Noticed a boulder beetle
 14288 | D:12     | Killed a boulder beetle
 14442 | D:12     | Reached skill level 13 in Spellcasting
 14556 | D:12     | Found a runed translucent door.
 14556 | D:12     | Noticed a boulder beetle
 14556 | D:12     | Noticed an eight-headed hydra
 14556 | D:12     | Noticed a six-headed hydra
 14557 | D:12     | Noticed a two-headed ogre
 14557 | D:12     | Noticed a yaktaur captain
 14690 | Lair:1   | Entered Level 1 of the Lair of Beasts
 14690 | Lair:1   | Noticed a four-headed hydra
 14694 | Lair:1   | Killed a four-headed hydra
 14741 | Lair:1   | Found a gate leading to a gauntlet.
 14760 | Lair:1   | Noticed Fannar
 14769 | Lair:1   | Killed Fannar
 14774 | Gauntlet | Entered a Gauntlet
 14774 | Gauntlet | Found a transporter.
 14932 | Gauntlet | Found a transporter.
 14933 | Gauntlet | Found a transporter.
 14942 | Gauntlet | Found a transporter.
 14945 | Gauntlet | Found a transporter.
 14952 | Gauntlet | Identified the +0 quarterstaff of the Desert {vamp, Dex+2}
 14953 | Gauntlet | Found a transporter.
 14957 | Gauntlet | Found a transporter.
 14965 | Gauntlet | Found a transporter.
 14970 | Gauntlet | Found a transporter.
 14973 | Gauntlet | Found a runed translucent door.
 14974 | Gauntlet | Noticed a quicksilver ooze
 14975 | Gauntlet | Found a runed translucent door.
 14976 | Gauntlet | Identified the ring of Gydeg {rC+ MP+9}
 14976 | Gauntlet | Identified the amulet "Asuythru" {Faith Rampage rF+ Will+
                  | Int-5}
 14977 | Gauntlet | Found a transporter.
 14998 | Gauntlet | Found a transporter.
 15010 | Gauntlet | Found a transporter.
 15022 | Gauntlet | Found a transporter.
 15068 | Gauntlet | Found a transporter.
 15188 | Gauntlet | Reached XP level 13. HP: 75/96 MP: 0/0
 15188 | Gauntlet | Learned a level 5 spell: Iskenderun's Battlesphere
 15196 | Gauntlet | Reached skill level 14 in Spellcasting
 15276 | Gauntlet | Killed a quicksilver ooze
 15359 | Gauntlet | Identified the +4 plate armour of the Buccaneer {rC+ Str+5}
 15359 | Gauntlet | Noticed a minotaur
 15382 | Gauntlet | Killed a minotaur
 16169 | Lair:2   | HP: 4/94 [spore (9)]
 16170 | Lair:2   | Slain by a spriggan rider

Illustrated notes

Levels and vault maps discovered:
D:1:      dpeg_arrival_stonehenge_8_columns, layout_rooms
D:2:      layout_rooms, minmay_liquid_box
D:3:      layout_basic, uniq_grinder
D:4:      layout_rooms, grunt_temple_overflow_order_and_chaos_1,
          chequers_temple_overflow_minitemple, uniq_robin
D:5:      layout_gridville, uniq_menkaure, uniq_sigmund
D:6:      layout_cave_pods, serial_shops, shop
D:7:      layout_gridville, minmay_temple_entry_statues_pillars,
          small_statue_intersection
D:8:      statuecave_lemuel, layout_basic, kennysheep_mini,
          hangedman_decor_growths, uniq_maggie
D:9:      layout_cross, gammafunk_ghost_spectres
D:10:     minmay_separated_statues, layout_loops_ring, kennysheep_generic_room_6
D:11:     layout_basic, minmay_lair_entry_grove, minmay_orc_entry_temple_small,
          serial_shops, nicolae_shop_stone, shop, shop, kennysheep_little_box
D:12:     minmay_the_grid_triangle_9x9_rhombus_full
          [minmay_the_grid_triangle_9x9_corruption,
          minmay_the_grid_triangle_9x9_sparse_checkered,
          minmay_the_grid_triangle_9x9_windchime,
          minmay_the_grid_triangle_9x9_tough_junction,
          minmay_the_grid_triangle_9x9_thin_v,
          minmay_the_grid_triangle_9x9_swiss_cheese,
          minmay_the_grid_triangle_9x9_fully_insulated_deathbox,
          minmay_the_grid_triangle_9x9_prize_top_heavy], layout_gridville,
          gammafunk_ghost_hydra_chop
Temple:   compressed_dpeg_triangle_lava_temple
Lair:1:   layout_misc_corridors, gauntlet_entry_generic, grunt_megastairs_2,
          serial_bayou_shore_a, uniq_fannar
Lair:2:   layout_chaotic_city, spider_nest_entry_webs,
          grunt_forest_large_clearings, infiniplex_staircase_pool_2,
          uniq_amaemon

Skill      XL: |  1  2  3  4  5  6  7  8  9 10 11 12 13 |
---------------+----------------------------------------+-----
Spellcasting   | 3 4 5 6 7 9 10 12 13 14 | 14.8
Fighting       | 1 2 3 4 5 6 7 |  7.5
Dodging        | 3 4 5 6 7 8 |  8.0
Armour         | 1 2 3 |  3.0
Shields        | 1 2 |  2.6
Stealth        | |  1.5

Action                   |  1- 3 |  4- 6 |  7- 9 | 10-12 | 13-15 || total
-------------------------+-------+-------+-------+-------+-------++-------
Melee: Dagger            |       |       |       |     2 |     1 ||     3
 Cast: Magic Dart        |    45 |       |     3 |       |       ||    48
       Shock             |    34 |    57 |   134 |   181 |    20 ||   426
       Slow              |     3 |       |     2 |     3 |       ||     8
       Call Imp          |       |     1 |       |       |       ||     1
       Scorch            |       |       |    44 |   301 |    73 ||   418
       Mephitic Cloud    |       |       |     1 |     6 |     2 ||     9
       Inner Flame       |       |       |     1 |     3 |     4 ||     8
       Poisonous Vapours |       |       |       |    15 |     7 ||    22
       Lee's Rapid Decon |       |       |       |    18 |    10 ||    28
       Conjure Flame     |       |       |       |       |     1 ||     1
Invok: Curse Item        |       |       |       |     4 |       ||     4
       Shatter the Chain |       |       |       |       |     1 ||     1
  Use: Scroll            |     4 |       |     3 |     9 |       ||    16
       Potion            |       |     1 |       |    12 |     3 ||    16
Armor: Robe              |     1 |     1 |     3 |       |       ||     5
       Swamp dragon scal |       |       |       |    40 |       ||    40
       Skin              |       |       |       |     5 |     6 ||    11
       Troll leather arm |       |       |       |    17 |    26 ||    43
Dodge: Dodged            |     9 |     8 |    26 |    94 |    59 ||   196
Block: Other             |       |       |     6 |     2 |       ||     8
       Kite shield       |       |       |       |    71 |       ||    71
       Reflection        |       |       |       |    23 |       ||    23
       Buckler           |       |       |       |    57 |    57 ||   114
